 Dungeon Crawl Stone Soup version 0.30-a0-305-g026cb31310 (webtiles) character file.

Game seed: 6354773619266197877

261 garrulousMonolith the Slasher (level 6, -4/46 (51) HPs)
             Began as a Gnoll Reaver on Oct 22, 2022.
             Killed from afar by Crazy Yiuf (6 damage)
             ... with a puff of flame
             ... on level 3 of the Dungeon.
             The game lasted 00:02:54 (2976 turns).

garrulousMonolith the Slasher (Gnoll Reaver)        Turns: 2976, Time: 00:02:55

HP:   -4/46 (51)    AC:  5    Str: 11    XL:     6   Next: 18%
MP:   14/14         EV:  9    Int: 14    God:
Gold: 137           SH:  7    Dex: 11    Spells: 11/15 levels left

rFire   . . .      SeeInvis .    a - +0 falchion
rCold   . . .      Faith    .    j - +0 kite shield
rNeg    . . .      Spirit   .    d - +0 ring mail
rPois   .          Reflect  .    (no helmet)
rElec   .          Harm     .    (no cloak)
rCorr   .          Rampage  .    (no gloves)
Will    .....                    (no boots)
Stlth   +.........               (no amulet)
HPRegen 0.27/turn                (no ring)
MPRegen 0.14/turn                (no ring)

@: lethally poisoned (-4 -> -11), drained
A: fangs 1, strong nose, distributed training
a: no special abilities


You were on level 3 of the Dungeon.
You visited 1 branch of the dungeon, and saw 3 of its levels.

You collected 137 gold pieces.

Inventory:

Hand Weapons
 a - a +0 falchion (weapon)
 k - a +0 sling
 p - a +0 war axe
Missiles
 q - 2 throwing nets
 r - 7 poisoned darts
Armour
 b - a +0 leather armour
 d - a +0 ring mail (worn)
 i - a +0 plate armour
 j - a +0 kite shield (worn)
Scrolls
 c - a scroll of fog {unknown}
 e - a scroll of identify
 f - 2 scrolls of enchant armour {unknown}
 h - a scroll of noise {unknown}
 l - a scroll of silence {unknown}
 m - 2 scrolls of torment {unknown}
 o - a scroll of immolation {unknown}
 s - a scroll of magic mapping {unknown}
Potions
 g - a potion of flight
 n - 3 potions of haste
 t - a potion of lignification


   Skills:
 + Level 5.0 Fighting
 + Level 1.9 Short Blades
 + Level 6.8 Long Blades
 + Level 1.9 Axes
 + Level 1.9 Maces & Flails
 + Level 1.9 Polearms
 + Level 1.9 Staves
 + Level 1.9 Ranged Weapons
 + Level 1.9 Throwing
 + Level 1.9 Armour
 + Level 5.0 Dodging
 + Level 1.9 Stealth
 + Level 1.9 Shields
 + Level 1.9 Unarmed Combat
 + Level 5.3 Spellcasting
 + Level 5.6 Conjurations
 + Level 1.5 Hexes
 + Level 1.5 Summonings
 + Level 1.5 Necromancy
 + Level 1.5 Translocations
 + Level 1.5 Transmutations
 + Level 1.5 Fire Magic
 + Level 1.5 Ice Magic
 + Level 1.5 Air Magic
 + Level 1.5 Earth Magic
 + Level 1.5 Poison Magic
 + Level 2.1 Invocations
 + Level 1.9 Evocations


You had 11 spell levels left.
You knew the following spells:

 Your Spells              Type           Power      Damage    Failure   Level
a - Kiss of Death         Conj/Necr      52%        2d9       30%         1
b - Momentum Strike       Conj/Tloc      26%        3d8       41%         2
c - Shock                 Conj/Air       52%        1d6       30%         1

Your spell library contained the following spells:

 Spells                   Type           Power      Damage    Failure   Level
 Summon Small Mammal      Summ           32%        N/A       56%         1
 Hailstorm                Conj/Ice       13%        3d5       65%         3
 Call Canine Familiar     Summ           8%         N/A       91%         3
 Summon Guardian Golem    Hex/Summ       8%         N/A       91%         3
 Swiftness                Air            8%         N/A       91%         3
 Airstrike                Air            4%         2d(1-17)  100%        4


Dungeon Overview and Level Annotations

Branches:
Dungeon (3/15)

Altars:

Annotations:
D:3 Crazy Yiuf


Innate Abilities, Weirdness & Mutations

You have very sharp teeth.
Your uncanny sense of smell can sniff out nearby items.
Your experience applies equally to all skills.


Message History

Crazy Yiuf grits, "Rifle!
Ten leg pontify."
Could not explore, unopened runed door.
As you read the scroll of identify, it crumbles to dust.
t - a potion of lignification Crazy Yiuf whimpers, "Seed!
Ten agre water."
Memorise Shock, consuming 1 spell level and leaving 11?
You start memorising the spell.
You continue memorising.
You finish memorising.
Spell assigned to 'c'.
As you open the door, it creaks loudly!
Crazy Yiuf zaps a wand.
You block the puff of flame.
Crazy Yiuf hits you with a +2 quarterstaff of chaos!
There is an open translucent door, spattered with blood here.
You hit Crazy Yiuf but do no damage. You bite Crazy Yiuf, but do no damage.
Crazy Yiuf hits you with a +2 quarterstaff of chaos.
Crazy Yiuf freezes you.
You slash Crazy Yiuf!
Crazy Yiuf is moderately wounded.
Crazy Yiuf zaps a wand.
You block the puff of flame.
You barely miss Crazy Yiuf.
Crazy Yiuf is moderately wounded.
You block Crazy Yiuf's attack.
You hit Crazy Yiuf but do no damage.
Crazy Yiuf is moderately wounded.
Crazy Yiuf says, "Prologue tea alas!"
Crazy Yiuf completely misses you.
You closely miss Crazy Yiuf.
Crazy Yiuf is moderately wounded.
You block Crazy Yiuf's attack.
Crazy Yiuf hits you with a +2 quarterstaff of chaos!
You are poisoned.
You hit Crazy Yiuf. Your bite misses Crazy Yiuf.
Crazy Yiuf is heavily wounded.
You feel very sick.
Crazy Yiuf hits you with a +2 quarterstaff of chaos!
* * * LOW HITPOINT WARNING * * *
You hit Crazy Yiuf. You bite Crazy Yiuf, but do no damage.
Crazy Yiuf is severely wounded.
* * * LOW HITPOINT WARNING * * *
You feel sick.
Crazy Yiuf zaps a wand.
The puff of flame hits you.
You die...

###♣♣♣♣♣ ##....♣.♣♣♣ ####
##......♣..♣#...#
#......♣♣♣♣.@g..# #.....♣♣
♣♣#..)# ##### #.###♣♣ ####
#...# ###.# #.#.# #.#.# #.#.#
##...##### ###### #.#.#
#..#.....# #.##.###.#.#
##.####.#.######........#.###
#..#.................>.#....#


You could see Crazy Yiuf.

Vanquished Creatures
  A scorpion (D:2)
  Jessica (D:2)
  Natasha (thrice) (D:3)
  4 adders
  A worm (D:2)
  A dart slug (D:3)
  4 orcs (D:3)
  5 ball pythons
  6 endoplasms
  4 goblins
  7 hobgoblins
  3 jackals (D:1)
  A quokka (D:3)
  4 bats
  A frilled lizard (D:2)
  8 kobolds
  6 rats
60 creatures vanquished.

Notes
Turn   | Place    | Note
-------+----------+-------------------------------------------
     0 | D:1      | garrulousMonolith the Gnoll Reaver began the quest for the
                  | Orb.
     0 | D:1      | Reached XP level 1. HP: 20/20 MP: 6/6
   108 | D:1      | Reached XP level 2. HP: 23/26 MP: 7/7
   586 | D:1      | Reached skill level 5 in Spellcasting
   586 | D:1      | Reached XP level 3. HP: 31/31 MP: 7/9
  1122 | D:2      | Noticed a scorpion
  1148 | D:2      | Killed a scorpion
  1149 | D:2      | Reached skill level 1 in Short Blades
  1149 | D:2      | Reached skill level 1 in Axes
  1149 | D:2      | Reached skill level 1 in Maces & Flails
  1149 | D:2      | Reached skill level 1 in Polearms
  1149 | D:2      | Reached skill level 1 in Staves
  1149 | D:2      | Reached skill level 1 in Ranged Weapons
  1149 | D:2      | Reached skill level 1 in Throwing
  1149 | D:2      | Reached skill level 1 in Armour
  1149 | D:2      | Reached skill level 1 in Stealth
  1149 | D:2      | Reached skill level 1 in Shields
  1149 | D:2      | Reached skill level 1 in Unarmed Combat
  1149 | D:2      | Reached skill level 1 in Hexes
  1149 | D:2      | Reached skill level 1 in Summonings
  1149 | D:2      | Reached skill level 1 in Necromancy
  1149 | D:2      | Reached skill level 1 in Translocations
  1149 | D:2      | Reached skill level 1 in Transmutations
  1149 | D:2      | Reached skill level 1 in Fire Magic
  1149 | D:2      | Reached skill level 1 in Ice Magic
  1149 | D:2      | Reached skill level 1 in Air Magic
  1149 | D:2      | Reached skill level 1 in Earth Magic
  1149 | D:2      | Reached skill level 1 in Poison Magic
  1149 | D:2      | Reached skill level 1 in Invocations
  1149 | D:2      | Reached skill level 1 in Evocations
  1149 | D:2      | Reached XP level 4. HP: 27/38 MP: 11/11
  1479 | D:2      | Noticed Jessica
  1493 | D:2      | Killed Jessica
  1494 | D:2      | Reached XP level 5. HP: 32/43 MP: 12/12
  1897 | D:3      | Noticed Natasha
  1908 | D:3      | Killed Natasha
  2226 | D:3      | Noticed Natasha
  2248 | D:3      | Killed Natasha
  2249 | D:3      | Reached XP level 6. HP: 13/50 MP: 13/13
  2301 | D:3      | Noticed Natasha
  2447 | D:2      | Learned a level 2 spell: Momentum Strike
  2453 | D:3      | Killed Natasha
  2629 | D:3      | Reached skill level 5 in Fighting
  2629 | D:3      | Reached skill level 5 in Dodging
  2790 | D:3      | Found a runed translucent door.
  2791 | D:3      | Noticed Crazy Yiuf
  2968 | D:3      | Learned a level 1 spell: Shock
  2976 | D:3      | HP: 2/46 [poisoned by Crazy Yiuf]
  2976 | D:3      | Killed from afar by Crazy Yiuf

Illustrated notes

Levels and vault maps discovered:
D:1:      dpeg_arrival_shelter, layout_basic, minmay_3d_cube
D:2:      layout_basic, uniq_jessica
D:3:      layout_basic, serial_curves, eino_curves_03, eino_curves_02,
          eino_curves_04, eino_curves_02, uniq_crazy_yiuf_cottage, uniq_natasha

Skill      XL: |  1  2  3  4  5  6 |
---------------+-------------------+-----
Spellcasting   | 5 |  5.3
Short Blades   | 1 |  1.9
Axes           | 1 |  1.9
Maces & Flails | 1 |  1.9
Polearms       | 1 |  1.9
Staves         | 1 |  1.9
Ranged Weapons | 1 |  1.9
Throwing       | 1 |  1.9
Armour         | 1 |  1.9
Stealth        | 1 |  1.9
Shields        | 1 |  1.9
Unarmed Combat | 1 |  1.9
Hexes          | 1 |  1.5
Summonings     | 1 |  1.5
Necromancy     | 1 |  1.5
Translocations | 1 |  1.5
Transmutations | 1 |  1.5
Fire Magic     | 1 |  1.5
Ice Magic      | 1 |  1.5
Air Magic      | 1 |  1.5
Earth Magic    | 1 |  1.5
Poison Magic   | 1 |  1.5
Invocations    | 1 2 |  2.1
Evocations     | 1 |  1.9
Fighting       | 5 |  5.0
Dodging        | 5 |  5.0
Long Blades    | |  6.8
Conjurations   | |  5.6

Action                   |  1- 3 |  4- 6 || total
-------------------------+-------+-------++-------
Melee: Falchion          |    91 |   180 ||   271
       Bite              |     6 |    19 ||    25
 Cast: Kiss of Death     |       |     1 ||     1
  Use: Scroll            |     1 |     3 ||     4
       Potion            |       |     1 ||     1
 Stab: Sleeping          |       |     1 ||     1
Armor: Leather armour    |     2 |       ||     2
       Ring mail         |    22 |    57 ||    79
Dodge: Dodged            |    39 |    63 ||   102
Block: Kite shield       |    13 |    68 ||    81

Table legend: (Time is in decaauts)
 A = Elapsed time spent in this place.
 B = Non-inter-level travel time spent in this place.
 C = Inter-level travel time spent in this place.
 D = Time resting spent in this place.
 E = Time spent auto-exploring this place.
 F = Levels seen in this place.
 G = Mean time per level.
                   A        B        C        D        E       F      G
               +--------+--------+--------+--------+--------+-----+--------+
         Total |   3016 |   2914 |    102 |    249 |   2091 |   3 | 1005.3 |
       Dungeon |   3016 |   2914 |    102 |    249 |   2091 |   3 | 1005.3 |
               +--------+--------+--------+--------+--------+-----+--------+

Top non-repeatable levels by time:
     D:1: 1014 daAuts
     D:2: 1005 daAuts
     D:3: 997 daAuts
